[Event "Reykjavik Chess Congress 2019"]
[Site "Reykjavik"]
[Date "2019.01.09"]
[Round "2"]
[White "Olafsson, Thorvardur"]
[Black "Jonsson, Olafur Gisli"]
[Result "0-1"]
[ECO "B07"]
[WhiteElo "2199"]
[BlackElo "1806"]
[Annotator "ChessBase"]
[PlyCount "85"]
[EventDate "2019.01.09"]
[EventType "swiss"]
[EventCountry "ISL"]
[SourceTitle "playchess.com"]
[Source "ChessBase"]
[SourceQuality "1"]
[TimeControl "40/5400+30:900+30"]

1. e4 d6 2. d4 Nf6 3. Nc3 c6 4. a4 Nbd7 5. Nf3 e5 6. Bc4 Be7 7. O-O O-O 8. h3 h6 9. Re1 Qc7 10. Ba2 b6 11. dxe5 dxe5 12. Nh4 Nc5 13. Qf3 Be6 14. Nf5 Kh7 15. b4 Bxa2 16. Rxa2 Ne6 17. Ne2 Rg8 18. c3 Rad8 19. Nxe7 Qxe7 20. Qf5+ Kh8 21. Qxe5 Rd3 22. Nd4 Qd7 23. Nxe6 fxe6 24. Bxh6 Rd8 25. Bg5 Qf7 26. Qf4 e5 27. Qh4+ Kg8 28. Rc2 R8d6 29. Bxf6 gxf6 30. Qg4+ Kf8 31. Qc8+ Kg7 32. Kh2 Qb3 33. Rce2 Qxc3 34. b5 cxb5 35. Qg4+ Kf8 36. axb5 Qb3 37. Ra1 Rd7 38. Rea2 Qf7 39. Qh4 Qg7 40. Qg4 Qh7 41. Rxa7 Ke7 42. Rxd7+ Rxd7 43. Qxd7+ 0-1

[Event "Reykjavik Chess Congress 2019"]
[Site "Reykjavik"]
[Date "2019.01.09"]
[Round "2"]
[White "Petursson, Gudni"]
[Black "Kjartansson, David"]
[Result "0-1"]
[ECO "B20"]
[WhiteElo "2045"]
[BlackElo "2403"]
[Annotator "ChessBase"]
[PlyCount "106"]
[EventDate "2019.01.09"]
[EventType "swiss"]
[EventCountry "ISL"]
[SourceTitle "playchess.com"]
[Source "ChessBase"]
[SourceQuality "1"]
[TimeControl "40/5400+30:900+30"]

1. e4 c5 2. b3 Nc6 3. Bb2 d6 4. Nf3 Nf6 5. Nc3 e5 6. Bb5 Be7 7. Bxc6+ bxc6 8. d3 O-O 9. h3 h6 10. O-O Nh7 11. Ne2 f5 12. exf5 Bxf5 13. Ng3 Be6 14. Qe2 Qd7 15. Nd2 Rf7 16. Nc4 Raf8 17. Rae1 Ng5 18. Bc1 Nxh3+ 19. gxh3 Bxh3 20. f3 Bh4 21. Kh2 Bxf1 22. Rxf1 Qe6 23. Ne3 Bg5 24. Ng2 Bxc1 25. Rxc1 Rxf3 26. Rf1 Qg4 27. Rxf3 Rxf3 28. Qe1 h5 29. Ne4 d5 30. Nf2 Qg3+ 31. Kg1 Qg5 32. Qe2 Rg3 33. Nh1 Rg4 34. Kh2 e4 35. Qf2 Qe5+ 36. Kh3 Qe6 37. Kh2 d4 38. dxe4 Rxe4 39. Ng3 Qe5 40. Qf3 Rg4 41. Kh3 Qe6 42. Kh2 Qg6 43. Kh3 Qe6 44. Kh2 g6 45. Ne2 Qe5+ 46. Kh3 Re4 47. Ng3 Qe6+ 48. Kh2 Re5 49. a4 Kg7 50. Qf1 Qg4 51. Qf4 Qxf4 52. Nxf4 h4 53. Nf1 Rf5 0-1

[Event "Reykjavik Chess Congress 2019"]
[Site "Reykjavik"]
[Date "2019.01.13"]
[Round "3"]
[White "Ptacnikova, Lenka"]
[Black "Birkisson, Bjorn Holm"]
[Result "1-0"]
[ECO "A06"]
[WhiteElo "2187"]
[BlackElo "2078"]
[Annotator "NA"]
[PlyCount "83"]
[EventDate "2019.01.09"]
[EventType "swiss"]
[EventCountry "ISL"]
[SourceTitle "playchess.com"]
[Source "ChessBase"]
[SourceQuality "1"]
[TimeControl "40/5400+30:900+30"]

1. c4 e6 2. Nf3 d5 3. e3 Nf6 4. b3 c5 5. Bb2 Nc6 6. Be2 d4 7. exd4 cxd4 8. d3 Be7 9. O-O O-O 10. Na3 e5 11. Nc2 Re8 12. Re1 a5 13. a4 Nd7 14. Na3 Bb4 15. Rf1 Nc5 16. Nb5 Bf5 17. Ra2 Re6 18. Kh1 g5 19. Bc1 Rg6 20. Ne1 g4 21. Kg1 Qd7 22. g3 e4 23. dxe4 Bxe4 24. f3 d3 25. fxe4 dxe2 26. Qxe2 Bxe1 27. Rxe1 Ne5 28. Rd1 Qe7 29. Ba3 Nf3+ 30. Kg2 Rh6 31. h4 Nxh4+ 32. gxh4 Qxh4 33. Bxc5 Qh3+ 34. Kf2 Rf6+ 35. Kg1 Rf3 36. Qh2 Rg3+ 37. Kh1 Rxb3 38. Qxh3 Rxh3+ 39. Kg2 Rc8 40. Rd5 h5 41. Nd6 Rc6 42. Rb2 1-0

[Event "Reykjavik Chess Congress 2019"]
[Site "Reykjavik"]
[Date "2019.01.13"]
[Round "3"]
[White "Fridjonsson, Julius"]
[Black "Bjornsson, Sigurbjorn"]
[Result "0-1"]
[ECO "B10"]
[WhiteElo "2159"]
[BlackElo "2296"]
[Annotator "NA"]
[PlyCount "68"]
[EventDate "2019.01.09"]
[EventType "swiss"]
[EventCountry "ISL"]
[SourceTitle "playchess.com"]
[Source "ChessBase"]
[SourceQuality "1"]
[TimeControl "40/5400+30:900+30"]

1. c4 c6 2. e4 d5 3. exd5 cxd5 4. cxd5 Nf6 5. Qa4+ Nbd7 6. Nc3 g6 7. Nf3 Bg7 8. Bc4 O-O 9. Qb3 Nb6 10. d3 Bg4 11. Ne5 Qd6 12. f4 Qc5 13. h3 Bf5 14. g4 Bc8 15. Ke2 Nfd7 16. Be3 Qc7 17. Nf3 Nxc4 18. dxc4 Nc5 19. Qc2 Bxc3 20. bxc3 b6 21. Nd4 Ba6 22. Nb5 Bxb5 23. cxb5 e6 24. Kf3 exd5 25. Bd4 Ne6 26. Be5 Qc5 27. Qd3 Rac8 28. g5 d4 29. cxd4 Qd5+ 30. Kg3 Nc5 31. Qf3 Ne4+ 32. Kh4 Rc3 33. Qg2 Nd6 34. Rhg1 Nf5+ 0-1

[Event "Reykjavik Chess Congress 2019"]
[Site "Reykjavik"]
[Date "2019.01.13"]
[Round "3"]
[White "Viglundsson, Bjorgvin"]
[Black "Olafsson, Thorvardur"]
[Result "1/2-1/2"]
[ECO "E12"]
[WhiteElo "2092"]
[BlackElo "2199"]
[Annotator "NA"]
[PlyCount "72"]
[EventDate "2019.01.09"]
[EventType "swiss"]
[EventCountry "ISL"]
[SourceTitle "playchess.com"]
[Source "ChessBase"]
[SourceQuality "1"]
[TimeControl "40/5400+30:900+30"]

1. d4 Nf6 2. Nf3 b6 3. c4 e6 4. a3 Bb7 5. Nc3 d5 6. Bg5 Be7 7. e3 Nbd7 8. Bd3 h6 9. Bh4 O-O 10. O-O c5 11. Qe2 Ne4 12. Bxe7 Nxc3 13. bxc3 Qxe7 14. cxd5 Bxd5 15. e4 Bb7 16. a4 cxd4 17. cxd4 Nb8 18. a5 bxa5 19. Rxa5 Nc6 20. Ra4 Nb4 21. Rfa1 Bc6 22. Ra5 Rfb8 23. Ne5 Be8 24. h3 Qd6 25. Qe3 Rd8 26. Nf3 Qb6 27. Bb1 a6 28. Qa3 Rac8 29. Bd3 Nxd3 30. Qxd3 Bb5 31. Qd2 Qc6 32. Qf4 Qc7 33. Qe3 Qc3 34. Qf4 Qc7 35. Qe3 Qc3 36. Qf4 Qc7 1/2-1/2

[Event "Reykjavik Chess Congress 2019"]
[Site "Reykjavik"]
[Date "2019.01.13"]
[Round "3"]
[White "Jonsson, Gauti Pall"]
[Black "Ingvason, Johann"]
[Result "0-1"]
[ECO "A20"]
[WhiteElo "2070"]
[BlackElo "2175"]
[Annotator "NA"]
[PlyCount "168"]
[EventDate "2019.01.09"]
[EventType "swiss"]
[EventCountry "ISL"]
[SourceTitle "playchess.com"]
[Source "ChessBase"]
[SourceQuality "1"]
[TimeControl "40/5400+30:900+30"]

1. c4 e5 2. g3 Nf6 3. Bg2 Nc6 4. Nc3 Bb4 5. e4 d6 6. Nge2 Bg4 7. h3 Bxc3 8. bxc3 Be6 9. d3 h5 10. Be3 b6 11. f4 Qc8 12. Qd2 Na5 13. Rb1 c5 14. Kf2 Rb8 15. Kg1 a6 16. Kh2 b5 17. cxb5 axb5 18. Rb2 Nc6 19. Rhb1 Qa6 20. d4 Na5 21. dxe5 Nc4 22. Qc1 dxe5 23. Bxc5 Nxb2 24. Qxb2 Qxa2 25. fxe5 Qxb2 26. Rxb2 Nd7 27. Bd6 Rb6 28. Nf4 Bc4 29. Nd5 Rh6 30. Nxb6 Nxb6 31. Rb1 Na4 32. Rc1 Kd7 33. Bf3 Kc6 34. Bf8 Rh7 35. g4 hxg4 36. Bxg4 g6 37. Bb4 Nb2 38. Ra1 Nd3 39. Ra7 Nxe5 40. Kg3 Nxg4 41. hxg4 Be6 42. Kf4 Bxg4 43. Ba5 Be6 44. Rc7+ Kd6 45. Rb7 Rh4+ 46. Kf3 Bc4 47. Ra7 Ke5 48. Bc7+ Ke6 49. Bg3 Rh1 50. Ra6+ Kd7 51. Rb6 Rd1 52. Be5 Rg1 53. Kf2 Rh1 54. Kf3 Rd1 55. Kf4 Rg1 56. Bf6 Kc7 57. Ra6 Rf1+ 58. Ke5 Kb7 59. Rd6 Rf3 60. Kd4 Rg3 61. Kc5 Rd3 62. Bd4 Kc7 63. Be5 Rxd6 64. Bxd6+ Kd7 65. Bf4 Ke6 66. Kd4 Kf6 67. Ke3 g5 68. Bg3 Kg6 69. Kf3 Bb3 70. Bh2 Bd1+ 71. Kg3 Kf6 72. Kf2 Kg6 73. Bd6 Kh5 74. Kg3 Bc2 75. e5 Kg6 76. Be7 Kf5 77. Bf6 Bd1 78. Bg7 Ke4 79. Bh6 Kd3 80. Bg7 Bb3 81. Bf6 Be6 82. Bxg5 Kxc3 83. Kf2 b4 84. Ke1 Kc2 0-1

[Event "Reykjavik Chess Congress 2019"]
[Site "Reykjavik"]
[Date "2019.01.20"]
[Round "5"]
[White "Bjornsson, Sigurbjorn"]
[Black "Kjartansson, David"]
[Result "0-1"]
[ECO "B32"]
[WhiteElo "2296"]
[BlackElo "2403"]
[Annotator "ChessBase"]
[PlyCount "78"]
[EventDate "2019.01.09"]
[EventType "swiss"]
[EventCountry "ISL"]
[SourceTitle "playchess.com"]
[Source "ChessBase"]
[SourceQuality "1"]
[TimeControl "40/5400+30:900+30"]

1. e4 c5 2. Nf3 Nc6 3. d4 cxd4 4. Nxd4 Qb6 5. Nb3 Nf6 6. Nc3 e6 7. Qe2 Bb4 8. Bd2 a5 9. a3 Bxc3 10. Bxc3 e5 11. O-O-O O-O 12. g4 d6 13. g5 Ne8 14. h4 Be6 15. f4 Rc8 16. Kb1 exf4 17. Nd4 Ne5 18. Qd2 Ra8 19. Nf5 Bxf5 20. exf5 Qc6 21. Rh3 Qe4 22. f6 gxf6 23. Bd3 Nxd3 24. Rxd3 Ng7 25. Re1 Qf5 26. Rd5 Qg4 27. Qd4 Nh5 28. Rg1 Qxh4 29. Rxd6 Rac8 30. Bxa5 Rfe8 31. Bc3 Rxc3 32. Qxc3 fxg5 33. Qa5 Ng3 34. Rgd1 Ne4 35. Rd8 Rxd8 36. Rxd8+ Kg7 37. Qe5+ Nf6 38. Rd6 Qh6 39. Rd5 Qh1+ 0-1

[Event "Reykjavik Chess Congress 2019"]
[Site "Reykjavik"]
[Date "2019.01.20"]
[Round "5"]
[White "Stefansson, Vignir Vatnar"]
[Black "Ingvason, Johann"]
[Result "1-0"]
[ECO "A57"]
[WhiteElo "2248"]
[BlackElo "2175"]
[Annotator "ChessBase"]
[PlyCount "74"]
[EventDate "2019.01.09"]
[EventType "swiss"]
[EventCountry "ISL"]
[SourceTitle "playchess.com"]
[Source "ChessBase"]
[SourceQuality "1"]
[TimeControl "40/5400+30:900+30"]

1. d4 Nf6 2. c4 c5 3. d5 b5 4. cxb5 a6 5. Nc3 g6 6. e4 d6 7. Nf3 Bg7 8. Be2 O-O 9. O-O axb5 10. Bxb5 Qa5 11. Nd2 Ba6 12. Nc4 Qc7 13. Qe2 Nbd7 14. Bd2 Nh5 15. a4 Bd4 16. Bxa6 Rxa6 17. Nb5 Qb7 18. Nxd4 cxd4 19. b4 Ne5 20. Nxe5 dxe5 21. b5 Rb6 22. Rfb1 Rb8 23. Rb3 f5 24. f3 fxe4 25. fxe4 Rf6 26. a5 Qa7 27. Qd3 Qa8 28. Bg5 Nf4 29. Bxf4 Rxf4 30. b6 Rf6 31. Rbb1 Kg7 32. Qb5 h5 33. Rc1 Rb7 34. Rc6 Rf4 35. a6 Rxe4 36. Qb1 d3 37. axb7 Ra4 1-0

[Event "Reykjavik Chess Congress 2019"]
[Site "Reykjavik"]
[Date "2019.01.20"]
[Round "5"]
[White "Ptacnikova, Lenka"]
[Black "Gretarsson, Hjorvar Steinn"]
[Result "0-1"]
[ECO "A20"]
[WhiteElo "2187"]
[BlackElo "2560"]
[Annotator "ChessBase"]
[PlyCount "132"]
[EventDate "2019.01.09"]
[EventType "swiss"]
[EventCountry "ISL"]
[SourceTitle "playchess.com"]
[Source "ChessBase"]
[SourceQuality "1"]
[TimeControl "40/5400+30:900+30"]

1. c4 e5 2. g3 Nc6 3. Bg2 Bc5 4. Nc3 d6 5. e3 a6 6. Nge2 Ba7 7. O-O h5 8. d4 h4 9. b4 Qg5 10. b5 axb5 11. cxb5 Nce7 12. f3 hxg3 13. hxg3 Nf6 14. Kf2 e4 15. Nxe4 Nxe4+ 16. fxe4 Bg4 17. Qd3 Rh2 18. Bb2 Bh3 19. Rg1 Qf6+ 20. Nf4 g5 21. e5 dxe5 22. dxe5 Qf5 23. Qxf5 Nxf5 24. Nxh3 Bxe3+ 25. Kf3 g4+ 26. Kxg4 Bxg1 27. Bxb7 Nh6+ 28. Kg5 Ra4 29. Nf4 Bc5 30. Bc6+ Kf8 31. e6 Be7+ 32. Bf6 Ra3 33. Rg1 Bxf6+ 34. Kxf6 Ng8+ 35. Ke5 Ne7 36. exf7 Kxf7 37. Be4 Rhxa2 38. Nd5 Re2 39. Rf1+ Ke8 40. Nxc7+ Kd7 41. Na6 Rxg3 42. Rd1+ Ke8 43. Nc7+ Kf7 44. Rf1+ Kg8 45. Ne6 Ng6+ 46. Kd4 Rg4 47. Nc5 Rb2 48. Rf6 Ne7 49. b6 Rb4+ 50. Kc3 Rgxe4 51. Nxe4 Nd5+ 52. Kd3 Nxf6 53. Nxf6+ Kf7 54. Nd5 Rb1 55. Kc4 Ke6 56. Nb4 Kd7 57. Kc5 Kc8 58. Nc6 Kb7 59. Na5+ Ka6 60. Nc4 Rc1 61. Kb4 Rh1 62. Kc5 Rh5+ 63. Kc6 Rb5 64. Kc7 Rc5+ 65. Kb8 Rxc4 66. b7 Kb6 0-1

[Event "Reykjavik Chess Congress 2019"]
[Site "Reykjavik"]
[Date "2019.01.27"]
[Round "7"]
[White "Stefansson, Vignir Vatnar"]
[Black "Kjartansson, David"]
[Result "1-0"]
[ECO "A50"]
[WhiteElo "2248"]
[BlackElo "2403"]
[Annotator "NA"]
[PlyCount "81"]
[EventDate "2019.01.09"]
[EventType "swiss"]
[EventCountry "ISL"]
[SourceTitle "playchess.com"]
[Source "ChessBase"]
[SourceQuality "1"]
[TimeControl "40/5400+30:900+30"]

1. c4 b6 2. d4 Nf6 3. Nf3 Bb7 4. g3 g6 5. Bg2 Bg7 6. d5 O-O 7. Nc3 c6 8. O-O cxd5 9. cxd5 Na6 10. e4 d6 11. e5 dxe5 12. Nxe5 Rc8 13. a3 Rxc3 14. bxc3 Nxd5 15. Re1 Qa8 16. c4 Ndc7 17. Bxb7 Qxb7 18. Bb2 Ne6 19. Qd5 Nac5 20. Rad1 Qc7 21. Qf3 f6 22. Nc6 Ng5 23. Qg2 e5 24. Qd5+ Kh8 25. h4 Nge6 26. Qd6 Qf7 27. Qe7 Qxe7 28. Nxe7 e4 29. h5 Rf7 30. Nc6 Rc7 31. Nd4 f5 32. h6 Bxd4 33. Bxd4+ Nxd4 34. Rxd4 Kg8 35. Red1 Kf7 36. Rd8 Kf6 37. Rg8 Nd3 38. f4 Rxc4 39. Rg7 Ra4 40. Rxh7 g5 41. Rc7 1-0

[Event "Reykjavik Chess Congress 2019"]
[Site "Reykjavik"]
[Date "2019.01.30"]
[Round "8"]
[White "Olafsson, Thorvardur"]
[Black "Ptacnikova, Lenka"]
[Result "1/2-1/2"]
[ECO "A45"]
[WhiteElo "2199"]
[BlackElo "2187"]
[Annotator "RC"]
[PlyCount "122"]
[EventDate "2019.01.09"]
[EventType "swiss"]
[EventCountry "ISL"]
[SourceTitle "playchess.com"]
[Source "ChessBase"]
[SourceQuality "1"]
[TimeControl "40/5400+30:900+30"]

1. d4 Nf6 2. g3 d5 3. Bg2 c5 4. Nf3 cxd4 5. O-O e6 6. Nxd4 e5 7. Nb3 Be7 8. Bg5 d4 9. c3 h6 10. Bc1 Nc6 11. cxd4 Nxd4 12. Nxd4 exd4 13. Qa4+ Qd7 14. Qxd7+ Nxd7 15. Rd1 Bf6 16. Na3 O-O 17. Nb5 Ne5 18. Nc7 d3 19. Nxa8 dxe2 20. Re1 Bg4 21. Nc7 Nd3 22. Rxe2 Bxe2 23. Nd5 Bd4 24. Be3 Bxb2 25. Rb1 b6 26. Nf4 Nxf4 27. Rxb2 Nxg2 28. Kxg2 Bd3 29. Rd2 Rd8 30. f3 Kf8 31. Kf2 Ke7 32. h4 Rd5 33. Bf4 b5 34. Ke3 Bc4 35. Rxd5 Bxd5 36. a3 a5 37. Bc7 a4 38. Ba5 Ke6 39. Bc3 g6 40. Bb4 h5 41. Bc3 Kf5 42. Kf2 Bb3 43. Ke3 Bd1 44. Kf2 Ke6 45. Ke3 Kd5 46. Bb4 Kc4 47. Be7 Kd5 48. Bb4 Ke5 49. Bc3+ Kf5 50. Bb4 g5 51. Bf8 f6 52. Bb4 Bb3 53. g4+ hxg4 54. fxg4+ Kxg4 55. hxg5 fxg5 56. Kf2 Kh3 57. Kg1 g4 58. Bc5 g3 59. Bd6 Bd5 60. Be7 Kg4 61. Bf8 Kf3 1/2-1/2

[Event "Reykjavik Chess Congress 2019"]
[Site "Reykjavik"]
[Date "2019.01.30"]
[Round "8"]
[White "Viglundsson, Bjorgvin"]
[Black "Stefansson, Vignir Vatnar"]
[Result "1/2-1/2"]
[ECO "A25"]
[WhiteElo "2092"]
[BlackElo "2248"]
[Annotator "RC"]
[PlyCount "83"]
[EventDate "2019.01.09"]
[EventType "swiss"]
[EventCountry "ISL"]
[SourceTitle "playchess.com"]
[Source "ChessBase"]
[SourceQuality "1"]
[TimeControl "40/5400+30:900+30"]

1. c4 e5 2. Nc3 Nc6 3. g3 h5 4. Nf3 Be7 5. d4 exd4 6. Nxd4 h4 7. Nxc6 dxc6 8. Qxd8+ Bxd8 9. Bg2 h3 10. Bf3 Be6 11. b3 Bf6 12. Bd2 g5 13. O-O-O g4 14. Be4 O-O-O 15. Kc2 Ne7 16. Bd3 Bd4 17. Rhf1 Rhe8 18. Ne4 Bf5 19. Bg5 Bg6 20. Nf6 Bxf6 21. Bxf6 Bxd3+ 22. Rxd3 Rxd3 23. Kxd3 Nf5 24. e4 Nh6 25. e5 Ng8 26. f3 gxf3 27. Rxf3 Nh6 28. Rf4 Rg8 29. Rh4 Ng4 30. Ke4 Kd7 31. Kf5 Ne3+ 32. Ke4 Ng4 33. Kf4 Nxh2 34. Rxh3 Ng4 35. Bh8 Ke6 36. Rh4 Nf2 37. Rh6+ Rg6 38. Rxg6+ fxg6 39. g4 Nh3+ 40. Kg3 Ng5 41. Kf4 Nh3+ 42. Ke4 {Kxe5+} 1/2-1/2

[Event "Reykjavik Chess Congress 2019"]
[Site "Reykjavik"]
[Date "2019.01.30"]
[Round "8"]
[White "Jonsson, Gauti Pall"]
[Black "Bjornsson, Sigurbjorn"]
[Result "0-1"]
[ECO "A20"]
[WhiteElo "2070"]
[BlackElo "2296"]
[Annotator "RC"]
[PlyCount "72"]
[EventDate "2019.01.09"]
[EventType "swiss"]
[EventCountry "ISL"]
[SourceTitle "playchess.com"]
[Source "ChessBase"]
[SourceQuality "1"]
[TimeControl "40/5400+30:900+30"]

1. c4 e5 2. g3 Nf6 3. Bg2 h6 4. Nc3 Bb4 5. Qc2 O-O 6. Nf3 Re8 7. Ne4 Nxe4 8. Qxe4 c6 9. a3 Bf8 10. Nh4 Na6 11. d4 d5 12. cxd5 exd4 13. Qxd4 Nc5 14. Qc3 cxd5 15. O-O d4 16. Qc2 a5 17. Nf3 Be6 18. Qd1 Nb3 19. Rb1 Bf5 20. Qxb3 Bxb1 21. Bxh6 Bf5 22. Bf4 Rc8 23. Ng5 Qf6 24. Bd5 Bg6 25. Qf3 Bd6 26. Nxf7 Bxf7 27. Bxd6 Bxd5 28. Qxd5+ Qe6 29. Qxe6+ Rxe6 30. Bf4 Rxe2 31. Rd1 Rcc2 32. Rxd4 Rxf2 33. Rd8+ Kh7 34. Rd7 Rg2+ 35. Kf1 Rcf2+ 36. Ke1 Rxb2 0-1